 Dungeon Crawl Stone Soup version 0.28-a0-983-g1de4e0787c (webtiles) character file.

Game seed: 9641663800855523873

118007 freelancePsychic the Fighter (level 15, -3/135 HPs)
             Began as a Demigod Transmuter on Dec 2, 2021.
             Shot with an arrow by a deep elf archer (14 damage)
             ... on level 1 of the Elven Halls.
             The game lasted 01:04:55 (33813 turns).

freelancePsychic the Fighter (Demigod Transmuter)  Turns: 33813, Time: 01:04:55

Health: -3/135     AC: 21    Str: 17    XL:     15   Next: 77%
Magic:  26/26      EV: 27    Int: 38    God:
Gold:   193        SH:  0    Dex: 14    Spells: 5/24 levels left

rFire   . . .      SeeInvis .     - Unarmed
rCold   . . .      Faith    .   (shield currently unavailable)
rNeg    . . .      Spirit   .   (armour currently unavailable)
rPois   ∞          Reflect  .   (helmet currently unavailable)
rElec   +          Harm     .   (cloak currently unavailable)
rCorr   +          Rampage  .   (gloves currently unavailable)
Will    ++...                   (boots currently unavailable)
Stlth   +.........              y - amulet of magic regeneration
HPRegen 0.32/turn               W - ring "Vorgh" {Will+ rCorr Str+6 Int+3}
MPRegen 0.60/turn               v - ring of wizardry

@: about to teleport, storm-form, flying
A: cleaving, flying, high mp 1, forlorn, divine attributes
a: Blinkbolt, End Transformation


You were on level 1 of the Elven Halls.
You were a lightning-filled tempest!
You visited 4 branches of the dungeon, and saw 24 of its levels.

You collected 3145 gold pieces.
You spent 2952 gold pieces at shops.

Inventory:

Hand Weapons
 f - a +3 dagger of venom
Missiles
 o - 6 throwing nets
Armour
 a - a +0 robe (melded)
 d - the +0 buckler of Snakes and Ladders (melded) {Str+5 Int+6}
   (You acquired it on level 13 of the Dungeon)

   Str:       It affects your strength (+5).
   Int:       It affects your intelligence (+6).
 e - a +0 helmet (melded)
 i - a scarf of resistance (melded)
 H - the +2 leather armour of the Slightly Bent {rF++}
   (You found it on level 3 of the Lair of Beasts)

   rF:        It greatly protects you from fire.
 L - a +0 pair of boots (melded)
 Q - a +0 cloak
Magical Staves
 E - a staff of air (melded)
Jewellery
 g - a ring of poison resistance
 n - a ring of see invisible
 v - a ring of wizardry (right hand)
 y - an amulet of magic regeneration (around neck)
 G - a ring of fire
 S - a ring of protection from cold
 V - a ring of flight
 W - the ring "Vorgh" (left hand) {Will+ rCorr Str+6 Int+3}
   (You bought it in a shop on level 5 of the Dungeon)

   [ring of strength]

   Str:       It affects your strength (+6).
   Int:       It affects your intelligence (+3).
   rCorr:     It protects you from acid and corrosion.
   Will:      It increases your willpower.
Wands
 q - a wand of iceblast (11)
 u - a wand of flame (27)
 C - a wand of mindburst (22)
 D - a wand of digging (15)
 F - a wand of paralysis (4)
 M - a wand of polymorph (9)
 N - a wand of acid (1)
Scrolls
 k - 5 scrolls of fog
 l - 4 scrolls of brand weapon
 p - 4 scrolls of vulnerability
 s - a scroll of amnesia
 w - a scroll of blinking
 x - 2 scrolls of magic mapping
 I - 3 scrolls of fear
 J - 2 scrolls of immolation
 P - 3 scrolls of enchant armour
 R - 2 scrolls of holy word
 T - 2 scrolls of teleportation {@r4}
Potions
 b - 3 potions of mutation
 c - 4 potions of degeneration
 h - 5 potions of lignification
 j - 2 potions of berserk rage
 m - 3 potions of might
 r - 3 potions of cancellation {unknown}
 t - 4 potions of attraction
 z - 2 potions of resistance
 A - a potion of ambrosia
 B - 6 potions of haste {@q3}
 K - 6 potions of brilliance
 O - 3 potions of curing {@q1}
 U - a potion of flight {unknown}
 X - 2 potions of heal wounds {@q2}
 Y - 2 potions of magic {unknown}
 Z - 5 potions of invisibility {unknown}


   Skills:
 + Level 13.0 Fighting
 + Level 9.0 Dodging
 - Level 2.7 Shields
 - Level 11.0 Unarmed Combat
 - Level 5.0 Spellcasting
 - Level 5.6 Conjurations
 - Level 12.2 Transmutations
 - Level 6.1 Ice Magic
 - Level 12.8 Air Magic
 - Level 1.7 Poison Magic


You had 5 spell levels left.
You knew the following spells:

 Your Spells              Type           Power      Damage    Failure   Level
a - Beastly Appendage     Tmut           100%       N/A       0%          1
b - Storm Form            Tmut/Air       40%        N/A       7%          7
c - Wereblood             Tmut           80%        N/A       1%          2
d - Ice Form              Ice/Tmut       68%        N/A       1%          4
e - Freezing Cloud        Conj/Ice/Air   32%        6-21      1%          5

Your spell library contained the following spells:

 Spells                   Type           Power      Damage    Failure   Level
 Freeze                   Ice            100%       1d11      1%          1
 Pain                     Necr           36%        1d5       1%          1
 Shock                    Conj/Air       100%       1d9       1%          1
 Sting                    Tmut/Pois      100%       1d8       1%          1
 Scorch                   Fire           18%        2d6       1%          2
 Frozen Ramparts          Ice            100%       1d12      1%          3
 Ignite Poison            Fire/Tmut/Pois 44%        N/A       1%          3
 Mephitic Cloud           Conj/Pois/Air  57%        N/A       1%          3
 Spider Form              Tmut/Pois      58%        N/A       1%          3
 Swiftness                Air            82%        N/A       1%          3
 Airstrike                Air            41%        N/A       1%          4
 Hailstorm                Conj/Ice       52%        3d12      1%          4
 Blade Hands              Tmut           40%        N/A       1%          5
 Silence                  Hex/Air        27%        N/A       2%          5
 Inner Flame              Hex/Fire       9%         N/A       4%          3
 Portal Projectile        Hex/Tloc       18%        N/A       4%          3
 Flame Wave               Conj/Fire      30%        2d7       4%          4
 Iskenderun's Battlesphe  Conj           51%        2d10      4%          5
 Cause Fear               Hex            4%         N/A       13%         4
 Passage of Golubria      Tloc           9%         N/A       13%         4
 Agony                    Necr           9%         N/A       34%         5
 Excruciating Wounds      Necr           4%         N/A       34%         5
 Iron Shot                Conj/Erth      15%        9d4       52%         6
 Summon Cactus Giant      Summ           4%         N/A       87%         6
 Spellforged Servitor     Conj/Summ      15%        N/A       97%         7
 Discord                  Hex            4%         N/A       100%        8
 Lehudib's Crystal Spear  Conj/Erth      15%        10d5      100%        8


Dungeon Overview and Level Annotations

Branches:
Dungeon (15/15)            Temple (0/1) D:5            Lair (6/6) D:9
  Swamp (0/4) Lair:4       Spider (0/4) Lair:4        Slime (0/5) Lair:5
    Orc (2/2) D:11            Elf (1/3) Orc:2        Vaults (0/5) D:14
 Depths (0/4) D:15

Shops:
D:5 =   D:6 *   Orc:2 :**!

Annotations:
D:5 Menkaure
D:8 1 runed translucent door, timneilson's ghost, novice GrFi
Elf:1 5 runed translucent doors


Innate Abilities, Weirdness & Mutations

You are a lightning-filled tempest!
Your stormy fists strike out in all directions at once.
You are incredibly evasive.
You are flying.
You are immune to poison.
Your armour is entirely melded.
You are incapable of wielding weapons or throwing items.
You have an increased reservoir of magic. (+10% MP)
You shall have no god before yourself.
Your divine heritage dramatically boosts your attributes as you level up.


Message History

The deep elf zephyrmancer is engulfed in blazing flames.
The deep elf archer shoots an arrow.
The arrow misses you.
The deep elf archer shoots an arrow.
The arrow barely misses you.
The deep elf demonologist barely misses you.
The water elemental closely misses you.
You feel much better.
You feel energetic enough to blinkbolt again.
You hear some strange, mumbled words.
A shard of ice appears from out of thin air!
The shard of ice misses you.
The deep elf archer is engulfed in blazing flames.
The deep elf high priest utters an invocation to its god.
The deep elf high priest begins emitting a brilliant aura!
The orc wizard is empowered by the deep elf high priest's aura!
The deep elf pyromancer is empowered by the deep elf high priest's aura!
The deep elf archer is empowered by the deep elf high priest's aura!
The deep elf zephyrmancer is empowered by the deep elf high priest's aura! x2
The deep elf archer is empowered by the deep elf high priest's aura!
The Brimstone Fiend calls on the powers of darkness!
The deep elf demonologist convulses!
The deep elf archer convulses!
Something is bathed in an unholy light!
Your body is wracked with pain!
* * * LOW HITPOINT WARNING * * *
The deep elf archer convulses!
The orc wizard convulses!
The deep elf high priest convulses!
The deep elf pyromancer convulses!
The deep elf zephyrmancer convulses!
The deep elf archer convulses!
The deep elf zephyrmancer convulses!
The deep elf zephyrmancer is engulfed in blazing flames.
The deep elf zephyrmancer dies!
The deep elf archer mumbles some strange words.
The deep elf archer blinks!
The deep elf demonologist hits you from afar with the +10 glaive of the Boiling Point {vorpal, rC+ rN+++ Str-3 Int-5}!
* * * LOW HITPOINT WARNING * * *
x2 The water elemental completely misses you.
Blink to where?
Press: ? - help, Dir - move target
As you read the scroll of blinking, it crumbles to dust.
The deep elf archer is empowered by the deep elf high priest's aura!
The deep elf archer is engulfed in blazing flames.
The deep elf archer shoots an arrow.
The arrow hits you!
You die...

'##
###.^(..'## #
#.##
###.###.##
##.## ###
##.## # ##.##
##.## #+# ##
##.## ##.##
#.# ##. ##.##
##.## #.#
##.# ##.##
##.## #.#
##.##
##.##########
##.###.###.##
##§.......v#
##.##.##.##
##))#E'#''#
##'#'#'## #
#8)e☼○°e..8
##...## #
#8.Ee.oe..8#
#.....# ##
##§{#e1#..##
+.....# #.
#8○ee1....8
#.....# ##
#8.☼E$$...8
##...## #
##.e#..#..#
##### #
8..○..).. #.


You could see 2 Brimstone Fiends, a deep elf demonologist, 4 deep elf archers, a
deep elf high priest (brilliance aura), a deep elf pyromancer (empowered), a
deep elf zephyrmancer (empowered), 2 fire elementals and an orc wizard
(empowered).

Vanquished Creatures
  Kirke (Lair:5)
  Donald (Orc:2)
  An orc warlord (Orc:1)
  A stone giant (Orc:2)
  A deep elf demonologist (Elf:1)
  Azrael (D:14)
  Snorg (Lair:6)
  2 fire dragons (D:15)
  Harold (D:9)
  Josephine (D:12)
  7 boulder beetles
  11 hydras
  3 ogre magi
  A catoblepas (Lair:4)
  A merfolk avatar (Lair:6)
  6 centaur warriors
  15 two-headed ogres
  5 dancing weapons
  A death knight (D:13)
  3 tengu warriors
  6 death yaks (Lair:5)
  2 orc high priests (Elf:1)
  4 deep elf knights (Elf:1)
  5 skeletal warriors
  A fire crab (Lair:5)
  2 deep trolls (Orc:2)
  A deep elf archer (Elf:1)
  2 harpies (Lair:6)
  4 lindwurms (Lair:3)
  9 deep elf pyromancers
  A phantasmal warrior (D:13)
  5 deep elf zephyrmancers (Elf:1)
  An orc knight (Orc:2)
  Maurice (D:9)
  2 orc sorcerers (Elf:1)
  12 elephants
  5 cyclopes
  5 ugly things
  3 manticores
  14 cane toads
  2 black mambas
  2 torpor snails
  5 gargoyles
  12 komodo dragons
  An unseen horror (D:10)
  2 freezing wraiths (D:13)
  6 rime drakes
  5 yaktaurs (D:15)
  A tengu conjurer (D:12)
  3 polar bears
  A meliai (shapeshifter) (D:15)
  12 trolls
  2 wind drakes (Lair:6)
  A wind drake (shapeshifter) (D:14)
  2 hornets (Lair:6)
  9 blink frogs
  7 slime creatures
  A snapping turtle (Lair:6)
  4 dream sheep (Lair:5)
  A shadow (D:9)
  12 wyverns
  A redback (Lair:4)
  A centaur simulacrum (D:14)
  4 wraiths (D:12)
  2 vampires
  50 yaks
  A water elemental (Elf:1)
  A steam dragon (Lair:6)
  6 hogs
  8 basilisks
  4 fire elementals
  4 vampire mosquitoes
  15 water moccasins
  An acid dragon (D:13)
  2 hell hounds (D:14)
  18 orc warriors
  6 black bears
  24 ogres
  2 sky beasts
  7 wolves
  A necrophage (D:6)
  11 centaurs
  3 phantoms
  2 scorpions
  14 bullfrogs
  2 gnoll sergeants
  A wyvern skeleton (D:7)
  11 killer bees
  4 electric eels
  5 howler monkeys
  2 lava snakes (Lair:2)
  3 centaur zombies
  2 hounds
  A bullfrog zombie (D:7)
  3 jellies
  17 orc priests
  2 centaur skeletons
  A gnoll shaman (D:5)
  An iguana (D:6)
  Ijyb (D:5)
  A scorpion zombie (D:5)
  23 orc wizards
  2 hell rats (Lair:1)
  A killer bee zombie (D:7)
  A hound skeleton (D:5)
  A howler monkey zombie (D:9)
  3 adders
  12 gnolls
  12 river rats (Lair:1)
  An ufetubus (D:7)
  5 dart slugs
  2 worms
  74 orcs
  6 bats
  12 endoplasms
  A giant cockroach (D:4)
  7 goblins
  12 hobgoblins
  6 jackals
  2 quokkas (D:1)
  4 ball pythons
  3 frilled lizards
  5 kobolds
  7 rats
687 creatures vanquished.

Vanquished Creatures (others)
  A deep elf knight (Elf:1)
  A deep elf zephyrmancer (Elf:1)
  78 fungi
  85 plants
165 creatures vanquished.

Grand Total: 852 creatures vanquished

Notes
Turn   | Place    | Note
-------+----------+-------------------------------------------
     0 | D:1      | freelancePsychic the Demigod Transmuter began the quest for
                  | the Orb.
     0 | D:1      | Reached XP level 1. HP: 15/15 MP: 5/5
    21 | D:1      | Reached skill level 1 in Fighting
   241 | D:1      | Reached XP level 2. HP: 23/23 MP: 7/7
  1004 | D:2      | Learned a level 2 spell: Wereblood
  1303 | D:2      | Reached XP level 3. HP: 29/29 MP: 8/8
  1687 | D:2      | HP: 1/29 [poisoned by an adder]
  2049 | D:2      | Reached skill level 2 in Fighting
  2893 | D:3      | Reached skill level 1 in Poison Magic
  3036 | D:3      | Noticed a scorpion
  3048 | D:3      | Killed a scorpion
  3049 | D:3      | Reached XP level 4. HP: 18/36 MP: 8/10
  3301 | D:3      | Learned a level 3 spell: Spider Form
  4072 | D:4      | Reached XP level 5. HP: 39/41 MP: 7/11
  4252 | D:4      | Noticed a black bear
  4266 | D:4      | Killed a black bear
  4267 | D:4      | Reached skill level 1 in Ice Magic
  4544 | D:5      | Entered Level 5 of the Dungeon
  4747 | D:5      | Reached XP level 6. HP: 32/50 MP: 9/12
  5291 | D:4      | Reached skill level 3 in Fighting
  5986 | D:5      | Found Jorur's Jewellery Shop.
  6006 | D:5      | Reached skill level 1 in Conjurations
  6006 | D:5      | Reached skill level 1 in Air Magic
  6182 | D:5      | Found a staircase to the Ecumenical Temple.
  6207 | D:5      | Noticed Menkaure
  6438 | D:5      | Noticed Ijyb
  6448 | D:5      | Killed Ijyb
  6449 | D:5      | Reached XP level 7. HP: 50/57 MP: 9/13
  7277 | D:6      | Found Pousax's Lightly-Used Armoury.
  7819 | D:6      | Reached XP level 8. HP: 60/63 MP: 11/14
  8235 | D:6      | Learned a level 5 spell: Freezing Cloud
  9126 | D:7      | Reached skill level 5 in Ice Magic
  9133 | D:7      | HP: 4/94 [poisoned by a killer bee]
  9137 | D:7      | HP: 1/94 [poisoned by a killer bee]
 10252 | D:7      | Reached skill level 5 in Conjurations
 10252 | D:7      | Reached skill level 5 in Air Magic
 10257 | D:7      | Noticed a two-headed ogre
 10338 | D:7      | Killed a two-headed ogre
 10339 | D:7      | Reached XP level 9. HP: 41/69 MP: 9/16
 11158 | D:8      | Found a runed translucent door.
 11158 | D:8      | Noticed timneilson's ghost (novice GrFi)
 11159 | D:8      | Noticed a +3 spear of chaos
 11543 | D:9      | Noticed a two-headed ogre
 11548 | D:9      | Killed a two-headed ogre
 11549 | D:9      | Reached skill level 4 in Fighting
 11551 | D:9      | Noticed Maurice
 12008 | D:9      | Noticed Harold
 12157 | D:9      | Reached XP level 10. HP: 58/80 MP: 5/20
 12546 | D:9      | Reached skill level 5 in Fighting
 12563 | D:9      | Found a staircase to the Lair.
 12816 | D:9      | Reached skill level 5 in Unarmed Combat
 13150 | D:9      | Reached skill level 5 in Spellcasting
 13156 | D:9      | Learned a level 4 spell: Ice Form
 13252 | D:9      | Reached skill level 5 in Dodging
 13411 | D:9      | Killed Maurice
 13415 | D:9      | Got the Catalogue of Moulding
 13473 | D:9      | Killed Harold
 13779 | D:9      | Reached skill level 6 in Fighting
 13992 | D:10     | Entered Level 10 of the Dungeon
 14729 | D:10     | Reached XP level 11. HP: 69/91 MP: 16/22
 14769 | D:10     | Noticed a two-headed ogre
 14782 | D:10     | Killed a two-headed ogre
 14783 | D:10     | Reached skill level 5 in Transmutations
 15280 | D:10     | Noticed a two-headed ogre
 15285 | D:10     | Killed a two-headed ogre
 15666 | D:11     | Noticed a skeletal warrior
 15666 | D:11     | Noticed a skeletal warrior
 15762 | D:11     | Reached skill level 7 in Fighting
 15843 | Lair:1   | Entered Level 1 of the Lair of Beasts
 16620 | Lair:1   | Noticed a five-headed hydra
 16627 | Lair:1   | Killed a five-headed hydra
 16628 | Lair:1   | Reached skill level 8 in Fighting
 17858 | Lair:2   | Noticed a six-headed hydra
 17861 | Lair:2   | Reached XP level 12. HP: 103/103 MP: 10/23
 17864 | Lair:2   | Killed a six-headed hydra
 17990 | Lair:2   | Reached skill level 9 in Fighting
 19743 | Lair:4   | Found a hole to the Spider Nest.
 20041 | Lair:4   | Learned a level 7 spell: Storm Form
 20051 | Lair:4   | Noticed a four-headed hydra
 20059 | Lair:4   | Killed a four-headed hydra
 20206 | Lair:3   | Reached skill level 10 in Fighting
 20619 | Lair:4   | Reached skill level 10 in Air Magic
 20931 | Lair:4   | Noticed a catoblepas
 20939 | Lair:4   | Killed a catoblepas
 21154 | Lair:4   | Found a staircase to the Swamp.
 21678 | Lair:3   | Found the +5 sword of Power {vorpal}
 21683 | Lair:3   | Identified the +0 gold dragon scales "Ywoesygire" {rElec
                  | rPois rF+ rC+ SInv}
 21686 | Lair:3   | Identified the +2 leather armour of the Slightly Bent
                  | {rF++}
 21804 | Lair:5   | Reached XP level 13. HP: 93/114 MP: 24/24
 22154 | Lair:5   | Noticed Kirke
 22496 | Lair:5   | Found a staircase to the Slime Pits.
 22512 | Lair:5   | Reached skill level 10 in Transmutations
 22965 | Lair:5   | Killed Kirke
 23312 | Lair:6   | Entered Level 6 of the Lair of Beasts
 24029 | Lair:6   | Identified the +1 scale mail "Vaoreaky" {rC+ Will+ MP+9
                  | Str+2}
 24080 | Lair:6   | Noticed Snorg
 24086 | Lair:6   | Killed Snorg
 24312 | Lair:6   | Identified the +6 trident of Wyrd {elec, rF+ rN+++ Str-5
                  | Int-5}
 24386 | Lair:6   | Reached XP level 14. HP: 117/122 MP: 25/25
 25579 | D:11     | Found a staircase to the Orcish Mines.
 26846 | D:12     | Noticed Josephine
 26851 | D:12     | Killed Josephine
 27572 | D:5      | Bought the ring "Vorgh" {Will+ rCorr Str+6 Int+3} for 996
                  | gold pieces
 28542 | D:13     | Upgraded the game from 0.28-a0-973-ga7f8b01127 to
                  | 0.28-a0-983-g1de4e0787c
 28635 | D:13     | Identified a scroll of acquirement
 28636 | D:13     | Acquired the +0 buckler of Snakes and Ladders {Str+5 Int+6}
 29923 | D:14     | Reached skill level 11 in Fighting
 29967 | D:14     | Found a gate to the Vaults.
 29971 | D:14     | Reached skill level 10 in Unarmed Combat
 30114 | D:14     | Noticed Azrael
 30127 | D:14     | Killed Azrael
 30641 | D:15     | Entered Level 15 of the Dungeon
 30711 | D:15     | Reached skill level 1 in Shields
 30969 | D:15     | Reached XP level 15. HP: 130/130 MP: 26/26
 31122 | D:15     | Acquired 402 gold pieces
 31311 | D:15     | Found a staircase to the Depths.
 31984 | Orc:1    | Entered Level 1 of the Orcish Mines
 31984 | Orc:1    | You fall into a shaft and drop 1 floor!
 31984 | Orc:2    | Entered Level 2 of the Orcish Mines
 32782 | Orc:2    | Found Josar's General Store.
 32806 | Orc:2    | Reached skill level 12 in Fighting
 32826 | Orc:2    | Found Mali's Distillery.
 32826 | Orc:2    | Found Beob Bocif's Book Shop.
 32826 | Orc:2    | Found Useepeu's Assorted Antiques.
 32838 | Orc:2    | Noticed Donald
 32999 | Orc:2    | Killed Donald
 33257 | Orc:2    | Found a staircase to the Elven Halls.
 33460 | Orc:2    | Bought a scroll of acquirement for 1508 gold pieces
 33460 | Orc:2    | Acquired 489 gold pieces
 33468 | Orc:2    | Bought 2 potions of haste for 320 gold pieces
 33468 | Orc:2    | Bought 2 potions of brilliance for 128 gold pieces
 33514 | Elf:1    | Entered Level 1 of the Elven Halls
 33796 | Elf:1    | Noticed a Hell Sentinel
 33798 | Elf:1    | Identified the +10 glaive of the Boiling Point {vorpal, rC+
                  | rN+++ Str-3 Int-5}
 33805 | Elf:1    | Found a runed translucent gate.
 33805 | Elf:1    | Found a runed translucent gate.
 33805 | Elf:1    | Found a runed translucent gate.
 33805 | Elf:1    | Found a runed translucent gate.
 33805 | Elf:1    | Found a runed translucent gate.
 33805 | Elf:1    | Noticed a storm dragon
 33805 | Elf:1    | Noticed a shadow dragon
 33806 | Elf:1    | Noticed a Brimstone Fiend
 33811 | Elf:1    | Reached skill level 13 in Fighting
 33811 | Elf:1    | Noticed a Brimstone Fiend
 33813 | Elf:1    | Shot with an arrow by a deep elf archer

Illustrated notes

Levels and vault maps discovered:
D:1:      minmay_arrival_jagged, layout_rooms, chequers_ecumenical_altar_grove,
          hangedman_decor_growths
D:2:      layout_basic, kennysheep_small_spiral, minmay_misc_feat_nine_boxes
D:3:      layout_loops_corners, lemuel_coloured_pillars_altar
D:4:      layout_loops_cross, mainiacjoe_overflow_alcove_2, okawaru_trees_1,
          lightli_minifort
D:5:      layout_basic, minmay_temple_entry_slanted, serial_shops,
          nicolae_shop_advertising_works [nicolae_subvault_shop_adworks],
          uniq_menkaure, uniq_ijyb
D:6:      layout_layer_cave, nicolae_tso_carved_into_rock, minmay_shop_damaged,
          grunt_ministairs_8
D:7:      layout_rooms, chequers_serial_rivers_marsh, minmay_starry_boxes
D:8:      layout_loops_ring, elyvilon_altar_5, ebering_ghost_xom
D:9:      layout_cave_pools, kennysheep_orc_sif_temple,
          cheibrodos_ashenzari_chains, due_lair_maze_entry_diamond,
          uniq_maurice, uniq_harold
D:10:     layout_irregular_city, chequers_serial_rivers_micro_a, minivault_1
D:11:     layout_roguey, orc_0_dummy, serial_rivers,
          chequers_serial_rivers_large_a, chequers_serial_rivers_small_a,
          chequers_serial_rivers_small_3, chequers_serial_rivers_micro_e,
          chequers_serial_rivers_micro_a
D:12:     layout_small_grid, uniq_josephine
D:13:     layout_basic
D:14:     layout_cave_pods, erik_vaults_1, nicolae_sextant, serial_bayou_pond_c,
          uniq_azrael
D:15:     grunt_enter_depths_hoard, layout_basic, solitary_fountain
Lair:1:   layout_regular_city, kennysheep_rathole
Lair:2:   nzn_winding_woodlands_small [nzn_winding_woodlands_5x15_pockets,
          nzn_winding_woodlands_center_pierced_h,
          nzn_winding_woodlands_5x15_parted], layout_regular_city,
          nicolae_lair_liquid_snakes
Lair:3:   layout_small_grid, basic_altar, minmay_lindwurm_lava
Lair:4:   layout_cellular_growth, minmay_swamp_entry_eels, spider_nest_entry_a,
          minmay_hedge_maze, lemuel_fruit_fields, grunt_megastairs_3
Lair:5:   layout_loops_ring, minmay_slime_entry_pillars, serial_bayou_shore_a,
          serial_bayou_shore_b, grunt_megastairs_1, uniq_kirke
Lair:6:   gammafunk_lair_ancient_temple, layout_long_grid, uniq_snorg
Orc:1:    layout_diamond_mine
Orc:2:    st_orc_open, layout_caves, uniq_donald
Elf:1:    nicolae_elf_arrival_no_cutting_in_line, layout_geoelf_grid,
          basic_altar, orc_legates, eino_tiny_chamber

Skill      XL: |  1  2  3  4  5  6  7  8  9 10 11 12 13 14 15 |
---------------+----------------------------------------------+-----
Fighting       | 1 2 3 4 6 8 10 11 13 | 13.0
Transmutations | 2 3 4 7 9 11 12 | 12.2
Unarmed Combat | 3 4 6 8 10 11 | 11.0
Poison Magic   | 1 |  1.7
Spellcasting   | 2 4 5 |  5.0
Ice Magic      | 1 2 4 6 |  6.1
Conjurations   | 1 3 5 |  5.6
Air Magic      | 1 3 5 6 8 10 11 12 | 12.8
Dodging        | 4 5 6 9 |  9.0
Shields        | 1 2 |  2.7

Action                   |  1- 3 |  4- 6 |  7- 9 | 10-12 | 13-15 || total
-------------------------+-------+-------+-------+-------+-------++-------
Melee: Unarmed           |    57 |   154 |   220 |   188 |   566 ||  1185
       Kick              |    12 |     1 |       |       |       ||    13
       Headbutt          |     9 |       |       |       |       ||     9
       Dagger            |    66 |    37 |    34 |       |       ||   137
       Punch             |     2 |     3 |       |     1 |    20 ||    26
       Staff             |       |       |     4 |    31 |     2 ||    37
 Cast: Beastly Appendage |    19 |     1 |       |       |     1 ||    21
       Wereblood         |     1 |     2 |       |       |     1 ||     4
       Spider Form       |       |    23 |    27 |    11 |       ||    61
       Freezing Cloud    |       |       |    19 |   129 |     8 ||   156
       Ice Form          |       |       |       |    21 |     2 ||    23
       Storm Form        |       |       |       |     1 |    56 ||    57
 Abil: End Transformatio |     1 |     2 |     8 |     1 |    12 ||    24
       Blinkbolt         |       |       |       |     2 |    47 ||    49
Evoke: Wand              |       |       |       |     1 |       ||     1
  Use: Potion            |     3 |       |     6 |       |     3 ||    12
       Scroll            |     1 |     1 |    10 |     7 |     9 ||    28
 Stab: Sleeping          |       |     1 |     1 |       |       ||     2
Armor: Robe              |    25 |     3 |     8 |     7 |     4 ||    47
       Skin              |       |     6 |    33 |    56 |   166 ||   261
Dodge: Dodged            |    86 |   144 |   223 |   194 |   605 ||  1252

Table legend: (Time is in decaauts)
 A = Elapsed time spent in this place.
 B = Non-inter-level travel time spent in this place.
 C = Inter-level travel time spent in this place.
 D = Time resting spent in this place.
 E = Time spent auto-exploring this place.
 F = Levels seen in this place.
 G = Mean time per level.
                   A        B        C        D        E       F      G
               +--------+--------+--------+--------+--------+-----+--------+
         Total |  33806 |  31825 |   1981 |   4493 |  23138 |  24 | 1408.6 |
       Dungeon |  22921 |  21365 |   1556 |   2853 |  15761 |  15 | 1528.1 |
          Lair |   9085 |   8779 |    306 |   1360 |   6271 |   6 | 1514.2 |
  Orcish Mines |   1511 |   1394 |    117 |    280 |    897 |   2 |  755.5 |
   Elven Halls |    287 |    287 |      0 |      0 |    209 |   1 |  287.0 |
               +--------+--------+--------+--------+--------+-----+--------+

Top non-repeatable levels by time:
     D:8: 2113 daAuts
    D:10: 2105 daAuts
     D:6: 2012 daAuts
  Lair:4: 2010 daAuts
     D:5: 1924 daAuts
  Lair:3: 1838 daAuts
     D:2: 1642 daAuts
    D:13: 1488 daAuts
     D:3: 1465 daAuts
     D:4: 1462 daAuts
     D:7: 1418 daAuts
  Lair:2: 1386 daAuts
    D:12: 1375 daAuts
    D:11: 1355 daAuts
  Lair:6: 1334 daAuts
